 Dungeon Crawl Stone Soup version 0.23.0 (webtiles) character file.

Game seed: 44674853874303678

2043 elfaar the Conjurer (level 9, 0/70 HPs)
             Began as a White Draconian Conjurer on Feb 17, 2019.
             Was a Believer of Makhleb.
             Succumbed to a killer bee's poison
             ... on level 6 of the Dungeon on Feb 18, 2019.
             The game lasted 01:35:39 (7453 turns).

elfaar the Conjurer (White Draconian Conjurer)      Turns: 7453, Time: 01:35:42

Health: 0/70       AC:  9    Str: 10    XL:     9   Next: 4%
Magic:  14/17      EV: 13    Int: 21    God:    Makhleb [**....]
Gold:   376        SH:  0    Dex: 12    Spells: 5/19 levels left

rFire    . . .     SeeInvis .   C - +8 spear "Houniogh" {freeze, *Slow rElec Int+2}
rCold    + . .     Gourm    .   (no shield)
rNeg     . . .     Faith    .   (armour unavailable)
rPois    .         Spirit   .   (helmet restricted)
rElec    +         Reflect  .   h - +1 cloak
rCorr    .         Harm     .   (no gloves)
MR       .....                  (no boots)
Stlth    ++........             f - amulet of rage
HPRegen  0.21/turn              (no ring)
MPRegen  0.15/turn              (no ring)

@: lethally poisoned (0 -> -3), short of breath
A: breathe frost, unfitting armour, cold resistance 1, cold-blooded, AC +7
a: Breathe Frost, Minor Destruction, Renounce Religion, Evoke Berserk Rage


You were on level 6 of the Dungeon.
You worshipped Makhleb.
Makhleb was pleased with you.
You were not hungry.

You visited 2 branches of the dungeon, and saw 8 of its levels.

You collected 376 gold pieces.

Inventory:

Hand Weapons
 d - a +6 mace of holy wrath
 g - a +0 hunting sling
 i - a +2 dagger of venom
 l - a +3 spear of venom
 C - the +8 spear "Houniogh" (weapon) {freeze, *Slow rElec Int+2}
   (You found it on level 7 of the Dungeon)

   It has been specially enchanted to freeze those struck by it, causing extra
   injury to most foes and up to half again as much damage against particularly
   susceptible opponents.
   It can also slow down cold-blooded creatures.
   It affects your intelligence (+2).
   It insulates you from electricity.
   It may slow you when you take damage.
Missiles
 c - 253 stones
 q - 3 javelins
 u - 6 javelins of penetration (quivered)
 w - 3 steel tomahawks
 x - 5 tomahawks
 y - 2 throwing nets
Armour
 h - a +1 cloak (worn)
Jewellery
 f - an amulet of rage (around neck)
 s - an uncursed ring of resist corrosion
Wands
 e - a wand of disintegration (2)
 k - a wand of acid (10)
 D - a wand of random effects (21)
Scrolls
 o - 3 scrolls of enchant armour
 p - 5 scrolls of remove curse
 v - 3 scrolls of identify
 A - a scroll of amnesia {unknown}
 B - a scroll of random uselessness {unknown}
Potions
 a - 2 potions of brilliance
 m - a potion of heal wounds {unknown}
 r - a potion of flight
 t - a potion of cancellation
 z - 2 potions of lignification {unknown}
Comestibles
 b - 2 rations
 j - 10 chunks of flesh


   Skills:
 + Level 3.2 Fighting
 - Level 1.1 Maces & Flails
 + Level 4.0 Polearms
 + Level 2.0 Throwing
 + Level 4.0 Dodging
 + Level 3.6 Stealth
 + Level 0.5 Unarmed Combat
 + Level 5.8 Spellcasting
 + Level 6.8 Conjurations
 + Level 1.1 Hexes
 + Level 1.2 Evocations


You had 5 spell levels left.
You knew the following spells:

 Your Spells              Type           Power        Failure   Level  Hunger
a - Magic Dart            Conj           ####         1%          1    None
b - Searing Ray           Conj           #####.       1%          2    None
c - Iskenderun's Mystic   Conj           #####...     6%          4    ####...
d - Fulminant Prism       Conj/Hex       ###.......   19%         4    ####...
e - Dazzling Spray        Conj/Hex       ###...       5%          3    ##.....

Your spell library contained the following spells:

 Spells                   Type           Power        Failure   Level  Hunger
 Beastly Appendage        Tmut           #.....       10%         1    None
 Sticks to Snakes         Tmut           #.......     16%         2    None
 Force Lance              Conj/Tloc      ###.....     24%         4    ####...
 Spider Form              Tmut/Pois      #.........   30%         3    ##.....
 Ice Form                 Ice/Tmut       #.......     69%         4    ####...
 Blade Hands              Tmut           #.........   95%         5    #####..


Dungeon Overview and Level Annotations

Branches:
Dungeon (7/15)             Temple (1/1) D:5

Altars:
Ashenzari
Dithmenos
Elyvilon
Fedhas
Hepliaklqana
Kikubaaqudgha
Makhleb
Nemelex Xobeh
Okawaru
Ru
Sif Muna
Trog
Uskayaw
Vehumet
Wu Jian
Xom
Yredelemnul
Zin
The Shining One

Annotations:
D:4 2 transporters, Azzok's ghost, amateur DrTm
D:5 3 runed translucent doors, Yolobob's ghost, novice DsGl
D:7 Harold


Innate Abilities, Weirdness & Mutations

You can breathe waves of freezing cold.
You can buffet flying creatures when you breathe cold.
Your icy white scales are hard. (AC +7)
You cannot fit into any form of body armour.
Your flesh is cold resistant. (rC+)
You are cold-blooded and may be slowed by cold attacks.


Message History

The killer bee misses you.
You closely miss the killer bee. The killer bee misses you.
The killer bee stings you!
* * * LOW HITPOINT WARNING * * *
You are lethally poisoned!
The killer bee poisons you!
The killer bee stings you but does no damage. x2
The killer bee barely misses you.
The killer bee stings you but does no damage.
The killer bee misses you.
Press: ? - help, Shift-Dir - straight line, f - killer bee
Aim: a killer bee (moderately wounded)
You exhale a wave of freezing cold.
The freezing breath hits the killer bee!
You kill the killer bee!
Makhleb accepts your kill.
Your Dodging skill increases to level 4!
You feel somewhat more hungry.
Your surroundings suddenly seem different.
You die...

#............)..#...#......
###'###...........#...#......
#≈≈.≈≈#............).##......
#≈≈.≈≈#............).##......
#§§§.≈#......................
#§§§≈≈#..............##......
#≈≈.≈≈####......##...##......
###'######......##...###...##
#....##.....@...##...# #...#.
#....##....#.#####...###...#.
#....##....#.# #..........#.
#....##....#.####..........#.
#....##....................#.
#....##...)......)######...#.
###########.......######...#.
#########..[....#..........
#............)..#.#####...#


There were no monsters in sight!

Vanquished Creatures
  Eustachio (D:6)
  Duvessa (D:6)
  2 ice beasts (D:7)
  A phantom (D:7)
  3 ogres
  2 centaurs (D:7)
  A bullfrog (D:6)
  Dowan (D:6)
  2 killer bees
  2 crimson imps (D:6)
  A bullfrog zombie (D:7)
  2 hounds
  4 orc wizards
  4 orc priests
  A centaur skeleton (D:7)
  2 iguanas
  2 worker ants (D:6)
  Robin (D:3)
  A worker ant zombie (D:6)
  13 gnolls
  A river rat (D:4)
  5 adders
  A shadow imp (D:6)
  An ooze (D:5)
  3 adder skeletons
  A worm (D:2)
  2 dart slugs
  2 leopard geckos
  32 orcs
  2 ball pythons (D:4)
  10 bats
  4 giant cockroaches
  22 goblins
  12 hobgoblins
  A quokka (D:4)
  3 frilled lizards
  A jackal skeleton (D:4)
  6 kobolds
  A quokka skeleton (D:5)
  A quokka zombie (D:6)
  3 rats
161 creatures vanquished.

Vanquished Creatures (others)
  2 fungi (D:5)
  5 plants
7 creatures vanquished.

Grand Total: 168 creatures vanquished

Notes
Turn   | Place    | Note
-------+----------+-------------------------------------------
     0 | D:1      | elfaar the Draconian Conjurer began the quest for the Orb.
     0 | D:1      | Reached XP level 1. HP: 14/14 MP: 3/3
   140 | D:2      | Reached XP level 2. HP: 8/20 MP: 1/5
   144 | D:2      | Learned a level 2 spell: Searing Ray
   157 | D:2      | Found a sacrificial altar of Ru.
   875 | D:1      | Reached XP level 3. HP: 26/26 MP: 3/6
  1194 | D:2      | Found a shattered altar of Ashenzari.
  1359 | D:2      | Found a white marble altar of Elyvilon.
  1870 | D:2      | Reached XP level 4. HP: 33/33 MP: 1/7
  2095 | D:3      | Learned a level 4 spell: Iskenderun's Mystic Blast
  2147 | D:3      | Reached skill level 5 in Conjurations
  2464 | D:3      | Noticed Robin
  2498 | D:3      | Reached XP level 5. HP: 28/38 MP: 4/9
  2508 | D:3      | Killed Robin
  2508 | D:3      | Reached skill level 1 in Polearms
  2626 | D:4      | Found a glowing drain.
  3086 | D:3      | Found a burning altar of Makhleb.
  3086 | D:3      | Noticed a balrug
  3090 | D:3      | Noticed a hellwing
  3090 | D:3      | Noticed a ynoxinul
  3092 | D:3      | Became a worshipper of Makhleb the Destroyer
  3256 | D:4      | Reached skill level 1 in Fighting
  3270 | D:3      | Reached XP level 6. HP: 39/47 MP: 8/10
  3434 | D:4      | Noticed Azzok's ghost (amateur DrTm)
  3777 | D:5      | Entered Level 5 of the Dungeon
  3931 | D:5      | Found a staircase to the Ecumenical Temple.
  3995 | D:4      | Noticed a sky beast
  4178 | D:4      | Found a transporter.
  4178 | D:4      | Found a transporter.
  4302 | D:5      | Found a runed translucent gate.
  4302 | D:5      | Identified the +6 dagger "Ryufaweo" {chaos, rElec Str+4
                  | Int-2}
  4303 | D:5      | Found a runed translucent gate.
  4303 | D:5      | Noticed Yolobob's ghost (novice DsGl)
  4304 | D:5      | Found a runed translucent gate.
  4605 | D:5      | Reached * piety under Makhleb
  4702 | D:5      | Learned a level 4 spell: Fulminant Prism
  4724 | D:5      | Found a hide-covered altar of Uskayaw.
  4750 | D:5      | Noticed a +0 dagger
  4750 | D:5      | Noticed a +0 hand axe
  4752 | D:5      | Your scales start taking on an icy white colour.
  4752 | D:5      | Reached XP level 7. HP: 51/53 MP: 5/13
  4752 | D:5      | Gained mutation: Your flesh is cold resistant. (rC+) [White
                  | Draconian growth]
  4761 | D:5      | Learned a level 3 spell: Dazzling Spray
  4813 | Temple   | Entered the Ecumenical Temple
  4949 | D:5      | Found an iron altar of Okawaru.
  5557 | D:6      | Reached skill level 1 in Maces & Flails
  5630 | D:6      | Noticed Dowan
  5630 | D:6      | Noticed Duvessa
  5697 | D:6      | Killed Dowan
  5753 | D:6      | Killed Duvessa
  5753 | D:6      | Reached skill level 6 in Conjurations
  5753 | D:6      | Reached XP level 8. HP: 38/62 MP: 12/15
  5856 | D:6      | Reached skill level 5 in Spellcasting
  5879 | D:6      | Found a radiant altar of Vehumet.
  6021 | D:6      | Noticed Eustachio
  6035 | D:6      | Reached skill level 1 in Throwing
  6094 | D:6      | Killed Eustachio
  6094 | D:6      | Reached skill level 1 in Evocations
  6353 | D:6      | Found a shadowy altar of Dithmenos.
  6541 | D:6      | Found a blossoming altar of Fedhas.
  6790 | D:7      | Reached ** piety under Makhleb
  6848 | D:7      | Noticed Harold
  7036 | D:7      | Reached skill level 1 in Hexes
  7064 | D:7      | Got a brightly glowing spear
  7065 | D:7      | Identified the +8 spear "Houniogh" {freeze, *Slow rElec
                  | Int+2} (You found it on level 7 of the Dungeon)
  7432 | D:7      | Found a glowing golden altar of the Shining One.
  7444 | D:7      | Reached XP level 9. HP: 34/70 MP: 13/17
  7452 | D:6      | HP: 1/70 [killer bee (8)]
  7453 | D:6      | Succumbed to a killer bee's poison

Skill      XL: |  1  2  3  4  5  6  7  8  9 |
---------------+----------------------------+-----
Dodging        | 2 3 4 |  4.0
Stealth        | 2 3 |  3.6
Conjurations   | 5 6 |  6.8
Polearms       | 2 3 4 |  4.0
Spellcasting   | 3 4 5 |  5.8
Fighting       | 1 2 3 |  3.2
Maces & Flails | 1 |  1.1
Throwing       | 2 |  2.0
Evocations     | 1 |  1.2
Hexes          | 1 |  1.1
Unarmed Combat | |  0.5

Action                   |  1- 3 |  4- 6 |  7- 9 || total
-------------------------+-------+-------+-------++-------
Melee: Unarmed           |    17 |       |       ||    17
       Short sword       |    30 |       |       ||    30
       Tailslap          |     4 |     8 |    11 ||    23
       Spear             |    10 |    92 |   125 ||   227
       Dagger            |     3 |       |       ||     3
       Mace              |       |     9 |     6 ||    15
Throw: Stone             |    15 |     1 |       ||    16
       Javelin           |       |     1 |     7 ||     8
 Cast: Magic Dart        |    59 |    82 |    64 ||   205
       Searing Ray       |     3 |     4 |     6 ||    13
       Iskenderun's Myst |       |     8 |     3 ||    11
       Dazzling Spray    |       |       |     6 ||     6
 Abil: Evoke Berserk Rag |       |     1 |     1 ||     2
       Breathe Frost     |       |       |     6 ||     6
Evoke: Wand              |       |     2 |     1 ||     3
  Use: Scroll            |     6 |     8 |     4 ||    18
       Potion            |       |     2 |     4 ||     6
  Eat: Chunk             |     1 |     3 |     1 ||     5
       Ration            |     1 |     3 |     3 ||     7
Armor: Skin              |    17 |    30 |    57 ||   104
Dodge: Dodged            |    52 |    75 |   129 ||   256
